 Dungeon Crawl Stone Soup version 0.20.0-6-gd3061e9 (webtiles) character file.

459 greprep the Covered (level 6, -2/52 HPs)
             Began as a Minotaur Fighter on May 28, 2017.
             Slain by Menkaure (5 damage)
             ... on level 4 of the Dungeon.
             The game lasted 00:06:18 (3489 turns).

greprep the Covered (Minotaur Fighter)              Turns: 3489, Time: 00:06:18

Health: -2/52      AC: 13    Str: 28    XL:     6   Next: 78%
Magic:  5/5        EV: 12    Int:  5    God:
Gold:   253        SH: 10    Dex:  9    Spells: 5/5 levels left

rFire    . . .     SeeInvis .   a - +0 long sword
rCold    + . .     Gourm    .   c - +0 shield
rNeg     . . .     Faith    .   i - +0 chain mail
rPois    .         Spirit   .   q - +2 hat
rElec    .         Reflect  .   (no cloak)
rCorr    .         Harm     .   p - +0 pair of gloves
MR       .....                  (no boots)
Stlth    ..........             (no amulet)
Regen    0.2/turn               j - +4 ring of evasion
MPRegen  0.1/turn               b - ring of protection from cold

@: mighty
A: retaliatory headbutt, horns 2
a: no special abilities


You were on level 4 of the Dungeon.
You were not hungry.

You visited 1 branch of the dungeon, and saw 5 of its levels.

You collected 253 gold pieces.

Inventory:

Hand Weapons
 a - a +0 long sword (weapon)
 e - a +0 dagger of speed
Armour
 c - a +0 shield (worn)
 i - a +0 chain mail (worn)
 p - a +0 pair of gloves (worn)
 q - a +2 hat (worn)
Jewellery
 b - a ring of protection from cold (right hand)
 j - a +4 ring of evasion (left hand)
Wands
 u - a wand of paralysis (12/24)
Scrolls
 g - a scroll of magic mapping {unknown}
 l - a scroll of remove curse {unknown}
 m - a scroll of noise {unknown}
 n - 3 scrolls of identify {unknown}
 s - 2 scrolls of amnesia {unknown}
 t - 2 scrolls of blinking {unknown}
 w - a scroll of recharging {unknown}
 y - a scroll of random uselessness {unknown}
 A - a scroll of enchant armour {unknown}
Potions
 d - 2 potions of might
 h - 3 potions of curing
 k - a potion of invisibility {unknown}
 o - a potion of heal wounds {unknown}
 r - a potion of brilliance {unknown}
 z - a potion of agility {unknown}
Comestibles
 f - 3 bread rations
 v - 2 fruits
 x - 2 royal jellies


   Skills:
 + Level 4.0 Fighting
 + Level 1.0(2.8) Short Blades
 + Level 4.6(4.7) Long Blades
 * Level 5.7 Armour
 * Level 2.7 Dodging
 + Level 0.6 Stealth
 * Level 5.5 Shields


You had 5 spell levels left.
You didn't know any spells.

Dungeon Overview and Level Annotations

Branches:
Dungeon (5/15)             Temple (0/1) D:4

Altars:

Annotations:
D:4 Menkaure


Innate Abilities, Weirdness & Mutations

You reflexively headbutt those who attack you in melee.
You have a pair of horns on your head.


Message History

Menkaure seems to speed up.
The frilled lizard bites you.
Menkaure shouts, "Why can't you leave me to my rest?"
There is a stone staircase leading up here.
You block the frilled lizard's attack. You block Menkaure's attack.
You climb upwards.
There is a stone staircase leading down here.
You closely miss the frilled lizard.
Your headbutt misses the frilled lizard.
The frilled lizard closely misses you. You furiously retaliate!
You headbutt the frilled lizard, but do no damage.
You riposte.
You closely miss the frilled lizard.
Your headbutt misses the frilled lizard.
Menkaure hits you!!
* * * LOW HITPOINT WARNING * * *
You block the frilled lizard's attack.
Okay, then.
You feel very mighty all of a sudden. Menkaure hits you.
You die...

#.........# #.# #.#
#.........###.###.##
##.####.........#...
###.#################
#..................##
#.#.################§
#.#......=.........#≈
#.####......#####..#§
#..l@M.............#≈
######......##....##≈
#......##.#####≈
######......##.# #≈
#...........##.# #≈
#......#######.# #≈
#......# #.# #≈
#......# #.# #§
#...>..# #.# ###


You could see Menkaure and a frilled lizard.

Vanquished Creatures
  A water moccasin skeleton (D:4)
  A howler monkey (D:4)
  A hound (D:4)
  3 orc wizards
  A centaur skeleton (D:4)
  Natasha (D:2)
  2 iguanas (D:3)
  A worker ant (D:4)
  2 adders
  A shadow imp (D:3)
  2 oozes
  4 worms
  A dart slug (D:5)
  3 leopard geckos
  8 orcs
  7 bats
  5 giant cockroaches
  7 goblins
  7 hobgoblins
  2 quokkas (D:3)
  A ball python (D:3)
  5 frilled lizards
  A jackal skeleton (D:4)
  5 kobolds
  6 rats
78 creatures vanquished.

Notes
Turn   | Place    | Note
-------+----------+-------------------------------------------
     0 | D:1      | greprep the Minotaur Fighter began the quest for the Orb.
     0 | D:1      | Reached XP level 1. HP: 19/19 MP: 0/0
   596 | D:1      | Reached XP level 2. HP: 27/27 MP: 1/1
   960 | D:2      | Reached skill level 1 in Dodging
   960 | D:2      | Reached XP level 3. HP: 21/33 MP: 2/2
  1374 | D:2      | Noticed Natasha
  1390 | D:2      | Killed Natasha
  1390 | D:2      | Reached skill level 1 in Short Blades
  1390 | D:2      | Reached XP level 4. HP: 37/40 MP: 3/3
  2054 | D:3      | Reached XP level 5. HP: 38/46 MP: 4/4
  2505 | D:3      | Reached skill level 5 in Armour
  2505 | D:3      | Reached skill level 5 in Shields
  2562 | D:4      | Reached XP level 6. HP: 30/52 MP: 5/5
  3199 | D:4      | Found a staircase to the Ecumenical Temple.
  3468 | D:5      | Entered Level 5 of the Dungeon
  3476 | D:5      | Noticed Menkaure
  3489 | D:4      | Slain by Menkaure

Skill      XL: |  1  2  3  4  5  6 |
---------------+-------------------+-----
Armour         | 4 5 |  5.7
Dodging        | 1 2 |  2.7
Shields        | 4 5 |  5.5
Short Blades   | 1 |  1.0
Long Blades    | 3 4 |  4.6
Fighting       | 4 |  4.0
Stealth        | |  0.6

Action                   |  1- 3 |  4- 6 || total
-------------------------+-------+-------++-------
Melee: Dagger            |    42 |       ||    42
       Headbutt          |    18 |    25 ||    43
       Long sword        |    74 |   166 ||   240
  Use: Potion            |       |     1 ||     1
  Eat: Chunk             |     1 |     4 ||     5
       Meat ration       |       |     1 ||     1
Armor: Chain mail        |    31 |    49 ||    80
       Scale mail        |     6 |       ||     6
Dodge: Dodged            |    31 |    60 ||    91
Block: Shield            |    67 |    80 ||   147
       Rpst.: Long sword |     7 |    16 ||    23
